 Dungeon Crawl Stone Soup version 0.21-a0-1-gaf3b9a5 (webtiles) character file.

158 Gorglomux the Cutter (level 5, 0/35 HPs)
             Began as a Halfling Artificer on May 20, 2017.
             Slain by George's ghost (8 damage)
             ... on level 3 of the Dungeon.
             The game lasted 00:07:10 (3874 turns).

Gorglomux the Cutter (Halfling Artificer)           Turns: 3874, Time: 00:07:10

Health: 0/35       AC:  4    Str: 13    XL:     5   Next: 67%
Magic:  0/7        EV: 14    Int:  9    God:
Gold:   106        SH:  0    Dex: 16    Spells: 4/4 levels left

rFire    . . .     SeeInvis .   a - +0 short sword
rCold    . . .     Gourm    .   (shield restricted)
rNeg     + . .     Faith    .   b - +1 leather armour
rPois    .         Spirit   +   (no helmet)
rElec    .         Reflect  .   (no cloak)
rCorr    .         Harm     .   (no gloves)
MR       .....                  (no boots)
Stlth    ++........             i - amulet of guardian spirit {Spirit}
Regen    0.2/turn               q - ring of positive energy {rN+}
MPRegen  0.1/turn               (no ring)

@: no status effects
A: mutation resistance 1
a: no special abilities


You were on level 3 of the Dungeon.
You were hungry.

You visited 1 branch of the dungeon, and saw 3 of its levels.

You collected 106 gold pieces.

Inventory:

Hand Weapons
 a - a +0 short sword (weapon)
Missiles
 h - 88 stones (quivered)
 k - a throwing net {=f, !d}
Armour
 b - a +1 leather armour (worn)
Jewellery
 i - an amulet of guardian spirit (around neck) {Spirit}
   (You found it on level 1 of the Dungeon)
 q - a ring of positive energy (left hand) {rN+}
   (You found it on level 2 of the Dungeon)
Wands
 c - a wand of flame (3/48)
 d - a wand of enslavement (15/24)
 e - a wand of random effects (12/48)
Scrolls
 j - a scroll of identify {unknown}
Potions
 g - 3 potions of heal wounds {unknown}
 l - a potion of cancellation {unknown}
 m - a potion of haste {unknown}
 n - 4 potions of curing {unknown}
 o - a potion of flight {unknown}
 p - 2 potions of berserk rage {unknown}
 r - 3 potions of mutation {unknown}
Comestibles
 f - 2 bread rations {@e1}
 s - 4 fruits


   Skills:
 + Level 2.4 Fighting
 * Level 5.1 Short Blades
 - Level 2.1 Dodging
 - Level 1.1 Stealth
 - Level 3.0 Evocations


You had 4 spell levels left.
You didn't know any spells.

Dungeon Overview and Level Annotations

Branches:
Dungeon (3/15)

Altars:
Dithmenos

Annotations:
D:3 exclusion: Natasha, George's ghost, amateur DsFi; Natasha


Innate Abilities, Weirdness & Mutations

You are small and have problems with some larger weapons.
You are somewhat resistant to further mutation.


Message History

A goblin is nearby!
Aim: a goblin (severely wounded)
You throw a stone. The stone barely misses the goblin.
Unknown command.
A goblin is nearby!
You barely miss the goblin. The goblin closely misses you.
Unknown command.
A goblin is nearby!
You hit the goblin.
You kill the goblin!
Unknown command.
No target in view!
n - 4 bubbling black potions (gained 2)
A quokka comes into view.
You see here a stone.
Unknown command.
Aim: a quokka (resting)
You throw a stone.
The stone hits the quokka but does no damage.
A quokka is nearby!
Aim: a quokka You throw a stone.
The stone barely misses the quokka.
Okay, then.
A quokka is nearby!
Aim: a quokka You throw a stone.
The stone hits the quokka.
Aim: a quokka (lightly wounded)
You throw a stone. The stone closely misses the quokka.
Unknown command.
Your leather armour prevents you from hitting the quokka.
The quokka barely misses you.
Unknown command.
You closely miss the quokka. The quokka misses you.
You barely miss the quokka. The quokka misses you.
You hit the quokka. The quokka bites you.
Unknown command.
You hit the quokka.
You kill the quokka!
Unknown command.
No target in view!
No target in view!
h - 81 stones (gained 1)
h - 82 stones (gained 1)
h - 84 stones (gained 2)
h - 86 stones (gained 2)
r - 3 fuming grey potions (gained 2)
h - 87 stones (gained 1) Natasha, Servant of Life and Death comes into view.
You see here a stone.
h - 88 stones (gained 1)
You now have 106 gold pieces (gained 14).
You are feeling hungry.
George's ghost (amateur Demonspawn Fighter) comes into view.
Here: George's ghost (hasn't noticed you)
The floor.
Aim: George's ghost (hasn't noticed you)
The puff of flame hits George's ghost.
George's ghost turns its malevolent gaze towards you.
This wand has 10 charges left.
Aim: George's ghost (lightly damaged)
The puff of flame hits George's ghost.
This wand has 9 charges left.
Aim: George's ghost (lightly damaged)
The puff of flame hits George's ghost.
George's ghost appears unharmed.
This wand has 8 charges left.
Aim: George's ghost (lightly damaged)
The puff of flame hits George's ghost.
This wand has 7 charges left.
Aim: George's ghost (moderately damaged) George's ghost seems to speed up.
This wand has 14 charges left.
Aim: George's ghost (moderately damaged, fast)
The mass of ice explodes!
The iceblast engulfs George's ghost.
The iceblast engulfs you!
This wand has 13 charges left.
You hear a shout!
George's ghost barely misses you.
Aim: George's ghost (moderately damaged, fast) George's ghost resists with significant effort.
This wand has 12 charges left.
George's ghost closely misses you. George's ghost barely misses you.
You hit George's ghost but do no damage.
George's ghost hits you.
You hit George's ghost but do no damage.
George's ghost hits you.
You barely miss George's ghost. George's ghost barely misses you.
You hit George's ghost. George's ghost hits you.
George's ghost closely misses you.
Aim: George's ghost (moderately damaged, fast)
The puff of flame hits George's ghost.
This wand has 6 charges left.
George's ghost hits you.
Aim: George's ghost (heavily damaged, fast)
The puff of flame hits George's ghost.
George's ghost appears unharmed.
This wand has 5 charges left.
George's ghost hits you but does no damage. x2
Aim: George's ghost (heavily damaged, fast)
The puff of flame hits George's ghost.
This wand has 4 charges left.
George's ghost closely misses you.
Aim: George's ghost (severely damaged, fast)
The puff of flame hits George's ghost.
This wand has 3 charges left.
George's ghost hits you!
* * * LOW HITPOINT WARNING * * *
George's ghost hits you!
You die...

#....+
#.#..#.......#.
#....#
#..............
#....#
#....#........#
#....#
##...#.####...#
#....# #...#.#
...# #....#
#...#.# ..#
###### #...#.#
..
#######W..#.#
#......@....#
########....#
#....# ###### #
#....# #.#P.#.#
#....# ...P..#
#....# ...P.##
#....# ..#P##
#.#..# #####
#...># #.#


You could see George's ghost.

Vanquished Creatures
  An orc wizard (D:3)
  5 adders
  5 worms
  3 dart slugs
  3 leopard geckos (D:2)
  3 orcs
  8 bats
  2 giant cockroaches (D:2)
  7 goblins
  8 hobgoblins
  3 quokkas
  5 frilled lizards
  3 kobolds
  6 rats
62 creatures vanquished.

Notes
Turn   | Place    | Note
-------+----------+-------------------------------------------
     0 | D:1      | Gorglomux the Halfling Artificer began the quest for the Orb.
     0 | D:1      | Reached XP level 1. HP: 12/12 MP: 3/3
    50 | D:1      | Reached skill level 1 in Fighting
   131 | D:1      | Reached XP level 2. HP: 10/18 MP: 1/4
   138 | D:1      | HP: 2/18 [goblin/dagger (4)]
   141 | D:1      | Reached skill level 2 in Short Blades
   676 | D:1      | Reached XP level 3. HP: 22/24 MP: 3/5
   770 | D:1      | You fall through a shaft!
   960 | D:2      | Reached skill level 3 in Short Blades
  1005 | D:2      | HP: 6/24 [poisoned by an adder]
  1010 | D:1      | HP: 5/24 [poisoned by an adder]
  1018 | D:1      | HP: 3/24 [poisoned by an adder]
  1473 | D:2      | Reached skill level 2 in Fighting
  1473 | D:2      | Reached XP level 4. HP: 22/29 MP: 4/6
  1713 | D:2      | Reached skill level 4 in Short Blades
  2691 | D:2      | Reached XP level 5. HP: 20/34 MP: 4/7
  2888 | D:3      | HP: 8/34 [orc wizard/puff of frost (4)]
  2889 | D:3      | HP: 3/34 [orc/flail (2)]
  3232 | D:3      | Reached skill level 5 in Short Blades
  3459 | D:3      | Found a shadowy altar of Dithmenos.
  3779 | D:3      | Noticed Natasha
  3859 | D:3      | Noticed George's ghost (amateur DsFi)
  3874 | D:3      | HP: 8/35 [George's ghost (12)]
  3874 | D:3      | Slain by George's ghost

Vault maps used:
D:1:      dpeg_arrival_concentric_ovals
D:2:      first_bread
D:3:      hangedman_ru_absence, grunt_dithmenos_smoke, uniq_crazy_yiuf_cottage,
          uniq_natasha, uniq_terence

Skill      XL: |  1  2  3  4  5 |
---------------+----------------+-----
Fighting       | 1 2 |  2.4
Short Blades   | 2 3 4 5 |  5.1
Dodging        | |  2.1
Stealth        | |  1.1
Evocations     | |  3.0

Action                   |  1- 3 |  4- 6 || total
-------------------------+-------+-------++-------
Melee: Short sword       |   134 |   157 ||   291
Throw: Stone             |    68 |    82 ||   150
Evoke: Wand              |       |    15 ||    15
  Use: Scroll            |     2 |     1 ||     3
  Eat: Chunk             |     2 |     7 ||     9
Armor: Leather armour    |    25 |    14 ||    39
Dodge: Dodged            |    81 |    88 ||   169

Vault maps used:
D:1:      dpeg_arrival_concentric_ovals
D:2:      first_bread
D:3:      hangedman_ru_absence, grunt_dithmenos_smoke, uniq_crazy_yiuf_cottage,
          uniq_natasha, uniq_terence

Table legend:
 A = Turns spent in this place as a percentage of turns spent in the entire game.
 B = Non-inter-level travel turns spent in this place as a percentage of non-inter-level travel turns spent in the entire game.
 C = Inter-level travel turns spent in this place as a percentage of turns spent in this place.
 D = Turns resting spent in this place as a percentage of non-inter-level travel turns spent in this place.
 E = Turns spent auto-exploring this place as a percentage of non-inter-level travel turns spent in this place.
 F = Non-inter-level travel turns spent in this place divided by the number of levels of this place that you've seen.
                   A       B       C       D       E      F
               +-------+-------+-------+-------+-------+----------------------
         Total | 100.0 | 100.0 |   0.2 |   2.5 |   5.9 | 415.3
       Dungeon | 100.0 | 100.0 |   0.2 |   2.5 |   5.9 | 415.3
               +-------+-------+-------+-------+-------+----------------------

Table legend:
 A = Kills in this place as a percentage of kills in entire the game.
 B = Kills by you in this place as a percentage of kills by you in the entire game.
 C = Kills by friends in this place as a percentage of kills by friends in the entire game.
 D = Other kills in this place as a percentage of other kills in the entire game.
 E = Experience gained in this place as a percentage of experience gained in the entire game.
 F = Experience gained in this place divided by the number of levels of this place that you have seen.
                   A       B       C       D       E      F
               +-------+-------+-------+-------+-------+----------------------
         Total | 100.0 | 100.0 |  -nan |  -nan | 100.0 |  75.7
       Dungeon | 100.0 | 100.0 |  -nan |  -nan | 100.0 |  75.7
               +-------+-------+-------+-------+-------+----------------------
